 Dungeon Crawl Stone Soup version 0.18.1-50-g88ac8fd (webtiles) character file.

2470 Gargoyl the Covered (level 9, -8/69 HPs)
             Began as a Demonspawn Abyssal Knight on Sept 18, 2016.
             Was an Elder of Lugonu.
             Mangled by simvig's ghost (9 damage)
             ... on level 6 of the Dungeon.
             The game lasted 00:12:45 (4679 turns).

Gargoyl the Covered (Demonspawn Abyssal Knight)     Turns: 4679, Time: 00:12:46

Health: -8/69      AC: 23    Str: 17    XL:     9   Next: 26%
Magic:  11/11      EV:  6    Int: 14    God:    Lugonu [****..]
Gold:   289        SH:  4    Dex: 13    Spells: 0 memorised, 8 levels left

rFire  + + .     SeeInvis .     K - +1 broad axe
rCold  + . .     Gourm    .     t - +0 plate armour
rNeg   . . .     Faith    .     B - +0 buckler
rPois  +         Spirit   .     (helmet restricted)
rElec  +         Dismiss  .     G - +1 cloak
rCorr  +         Reflect  .     (no gloves)
SustAt .         Harm     .     d - +0 pair of boots
MR     +....                    k - amulet of rage
Stlth  ..........               u - ring of protection from fire
                                l - ring of protection from magic

@: resistant, somewhat resistant to hostile enchantments, extremely unstealthy
A: antennae 1, iridescent scales 2, poison resistance, powered by death 2, spiny
1, strong 1
a: Depart the Abyss, Bend Space, Banish, Corrupt, Renounce Religion, Evoke
Berserk Rage


You were on level 6 of the Dungeon.
You worshipped Lugonu.
Lugonu was greatly pleased with you.
You were not hungry.

You visited 1 branch of the dungeon, and saw 7 of its levels.
You visited the Abyss 1 time.

You collected 289 gold pieces.

Inventory:

Hand Weapons
 b - a +0 war axe
 K - a +1 broad axe (weapon)
Missiles
 h - 9 tomahawks
 s - 7 steel tomahawks (quivered)
Armour
 d - a +0 pair of boots (worn)
 t - a +0 plate armour (worn)
 B - a +0 buckler (worn)
 G - a +1 cloak (worn)
Jewellery
 k - an amulet of rage (around neck)
 l - a ring of protection from magic (left hand)
 u - a ring of protection from fire (right hand)
 I - an uncursed ring of protection from fire
Wands
 a - a wand of lightning (6/15)
 D - a wand of iceblast (15/15)
 E - a wand of random effects (35/48)
 F - a wand of iceblast (6/15)
Scrolls
 e - a scroll of magic mapping
 q - a scroll of remove curse
Comestibles
 c - 8 bread rations
 r - 3 meat rations
 v - 10 fruits


   Skills:
 + Level 5.9 Fighting
 + Level 5.4 Axes
 * Level 7.9 Armour
 + Level 2.8 Dodging
 + Level 1.2 Stealth
 + Level 3.1 Shields
 + Level 3.1 Invocations


You had 8 spell levels left.
You didn't know any spells.

Dungeon Overview and Level Annotations

Branches:
Dungeon (7/15)             Temple (0/1) D:5

Altars:
Ashenzari
Dithmenos

Annotations:
D:6 simvig's ghost, novice MiFi


Innate Abilities, Weirdness & Mutations

You have a pair of small antennae on your head.
You are mostly covered in iridescent scales (AC +6).
You regenerate health from kills.
You are partially covered in sharp spines.
Your system is resistant to poisons.
Your muscles are strong. (Str +2)


Message History

You closely miss simvig's ghost.
Simvig's ghost is heavily damaged.
Simvig's ghost hits you.
You closely miss simvig's ghost.
Simvig's ghost is heavily damaged.
You block simvig's ghost's attack. Simvig's ghost hits you.
You barely miss simvig's ghost.
Simvig's ghost is heavily damaged.
Simvig's ghost wails, "There is no future for me!"
Simvig's ghost hits you!
* * * LOW HITPOINT WARNING * * *
You hit simvig's ghost but do no damage.
Simvig's ghost is heavily damaged.
Simvig's ghost hits you!
* * * LOW HITPOINT WARNING * * *
You closely miss simvig's ghost.
Simvig's ghost is heavily damaged.
Simvig's ghost hits you but does no damage.
Simvig's ghost hits you!
You die...

.,,,#.########...................
##,,......................##..#.#
..,...............#..#..........#
*..,####........(...............#
............................###.#
#,..####..................### #..
#...* #........(.....###..#**###
....***#........W......##.....,,*
.#,,,,*#.......†@.........#.##*,#
*****,*#####..#.(.........#...,..
####*,* ##...(.........####...
...#*,*######...............,,.##
...#.,,..........#........##*##*
......####.......#........#**
...##......##....#.........,*
...##.#######..#.#...>....*,*****
...##.# #.......#.###*,,,,,,,,


You could see simvig's ghost.

Vanquished Creatures
  The ghost of Gargoyl the Covered, an amateur DsAK of Lugonu (D:4)
  2 orc warriors (D:6)
  2 ice beasts (D:5)
  An ogre (D:7)
  2 phantoms
  4 centaurs
  A giant frog (D:6)
  A scorpion (D:7)
  6 howler monkeys
  A crimson imp (D:5)
  A centaur skeleton (D:7)
  2 giant frog zombies
  4 hounds
  2 orc priests (D:6)
  A giant frog skeleton (D:4)
  3 iguanas
  Ijyb (D:3)
  6 worker ants
  5 orc wizards
  2 hound zombies (D:5)
  2 hound skeletons
  10 adders
  3 oozes
  A worm (D:2)
  An adder skeleton (D:5)
  6 dart slugs
  4 giant geckos
  21 orcs
  7 bats
  A giant cockroach (D:3)
  4 goblins
  2 hobgoblins
  7 jackals
  3 quokkas
  A giant gecko skeleton (D:4)
  7 giant newts
  4 kobolds
  4 rats (D:1)
136 creatures vanquished.

Vanquished Creatures (others)
  2 plants (D:7)
2 creatures vanquished.

Grand Total: 138 creatures vanquished

Notes
Turn   | Place    | Note
--------------------------------------------------------------
     0 | Abyss:1  | Gargoyl the Demonspawn Abyssal Knight began the quest for the Orb.
     0 | Abyss:1  | Reached XP level 1. HP: 18/18 MP: 2/2
    24 | Abyss:2  | Noticed a thrashing horror
    24 | D:1      | Escaped the Abyss
   153 | D:1      | Reached * piety under Lugonu
   305 | D:1      | Gained mutation: You are partially covered in sharp spines. [demonic ancestry]
   305 | D:1      | Reached XP level 2. HP: 15/24 MP: 4/4
   406 | D:1      | Reached skill level 1 in Dodging
   652 | D:1      | Reached skill level 2 in Armour
   670 | D:1      | Gained mutation: You have a pair of small antennae on your head. [demonic ancestry]
   670 | D:1      | Reached XP level 3. HP: 29/29 MP: 5/5
  1017 | D:2      | Found a shattered altar of Ashenzari.
  1382 | D:2      | Found a shadowy altar of Dithmenos.
  1678 | D:3      | Reached ** piety under Lugonu
  1678 | D:3      | Reached XP level 4. HP: 37/37 MP: 6/6
  2018 | D:3      | Noticed Ijyb
  2030 | D:3      | Killed Ijyb
  2199 | D:3      | Reached skill level 3 in Armour
  2264 | D:4      | Gained mutation: You are partially covered in iridescent scales (AC +4). [demonic ancestry]
  2264 | D:4      | Reached XP level 5. HP: 42/42 MP: 7/7
  2584 | D:4      | Gained mutation: You are mostly covered in iridescent scales (AC +6). [demonic ancestry]
  2584 | D:4      | Reached XP level 6. HP: 48/48 MP: 8/8
  2761 | D:4      | Reached skill level 4 in Armour
  2811 | D:4      | Noticed Gargoyl's ghost (amateur DsAK)
  2835 | D:4      | Killed Gargoyl's ghost
  2835 | D:4      | Reached skill level 1 in Shields
  2835 | D:4      | Reached XP level 7. HP: 38/54 MP: 9/9
  2956 | D:5      | Entered Level 5 of the Dungeon
  2957 | D:5      | Found a staircase to the Ecumenical Temple.
  3022 | D:5      | Reached skill level 5 in Armour
  3733 | D:5      | Gained mutation: You regenerate a little health from kills. [demonic ancestry]
  3733 | D:5      | Reached XP level 8. HP: 61/61 MP: 10/10
  3813 | D:6      | Reached *** piety under Lugonu
  3815 | D:6      | Reached skill level 6 in Armour
  3815 | D:6      | Reached skill level 1 in Stealth
  3882 | D:6      | Reached skill level 5 in Fighting
  4018 | D:6      | Reached skill level 7 in Armour
  4082 | D:6      | Noticed simvig's ghost (novice MiFi)
  4160 | D:7      | Reached skill level 5 in Axes
  4160 | D:7      | Reached **** piety under Lugonu
  4160 | D:7      | Gained mutation: You regenerate health from kills. [demonic ancestry]
  4160 | D:7      | Reached XP level 9. HP: 12/68 MP: 11/11
  4417 | D:6      | Gained mutation: Your system is resistant to poisons. [potion of mutation]
  4417 | D:6      | Gained mutation: Your muscles are strong. (Str +2) [potion of mutation]
  4417 | D:6      | Gained mutation: Your muscles are very strong. (Str +4) [potion of mutation]
  4649 | D:6      | Lost mutation: Your muscles are very strong. (Str +4) [potion of cure mutation]
  4678 | D:6      | HP: 1/69 [simvig's ghost (13)]
  4679 | D:6      | Mangled by simvig's ghost

Skill      XL: |  1  2  3  4  5  6  7  8  9 |
---------------+----------------------------+-----
Dodging        | 1 2 |  2.8
Armour         | 2 3 4 5 7 |  7.9
Invocations    | 3 |  3.1
Axes           | 2 3 5 |  5.4
Fighting       | 4 5 |  5.9
Shields        | 1 2 3 |  3.1
Stealth        | 1 |  1.2

Action                   |  1- 3 |  4- 6 |  7- 9 || total
-------------------------+-------+-------+-------++-------
Melee: Hand axe          |    73 |    94 |    67 ||   234
       Broad axe         |       |       |   199 ||   199
Invok: Depart the Abyss  |     1 |       |       ||     1
  Use: Scroll            |       |     2 |    15 ||    17
       Potion            |       |     2 |    10 ||    12
  Eat: Chunk             |     1 |     5 |     7 ||    13
Armor: Chain mail        |    61 |    15 |       ||    76
       Ring mail         |     3 |       |       ||     3
       Plate armour      |       |    56 |   274 ||   330
Dodge: Dodged            |    37 |    19 |    83 ||   139
Block: Buckler           |       |    15 |    68 ||    83
